 Dungeon Crawl Stone Soup version 0.22-a0-611-g46e8f3c735 (webtiles) character file.

77774 Banto the Covert (level 15, -1/103 HPs)
             Began as an Octopode Earth Elementalist on July 11, 2018.
             Was an Elder of Sif Muna.
             Slain by a black mamba (14 damage)
             ... on level 5 of the Lair of Beasts.
             The game lasted 00:43:50 (23906 turns).

Banto the Covert (Octopode Earth Elementalist)     Turns: 23906, Time: 00:43:50

Health: -1/103     AC:  1    Str:  8    XL:     15   Next: 58%
Magic:  19/24      EV: 20    Int: 27    God:    Sif Muna [****..]
Gold:   1030       SH:  6    Dex: 14    Spells: 11/26 levels left

rFire    . . .     SeeInvis .   C - +1 dagger (venom)
rCold    . . .     Gourm    +   e - +1 buckler
rNeg     + . .     Faith    .   (helmet restricted)
rPois    +         Spirit   .   J - amulet of the gourmand
rElec    .         Reflect  .   a - +3 ring of intelligence
rCorr    +         Harm     .   n - ring of positive energy
MR       +....                  A - ring of resist corrosion
Stlth    ++++++....             E - +2 ring of dexterity
HPRegen  0.27/turn              (no ring)
MPRegen  0.19/turn              (no ring)
                                (no ring)
                                (no ring)

@: about to teleport, divine energy
A: almost no armour, stealthy swim, amphibious, 8 rings, constrict 8, camouflage
1, poison resistance, wild magic 1, gelatinous body 1, MP-powered wands
a: Stop Divine Energy, Channel Magic, Forget Spell, Renounce Religion


You were on level 5 of the Lair of Beasts.
You worshipped Sif Muna.
Sif Muna was greatly pleased with you.
You were not hungry.

You visited 2 branches of the dungeon, and saw 16 of its levels.
You also visited: Ossuary and Volcano.

You collected 1271 gold pieces.
You spent 241 gold pieces at shops.

Inventory:

Hand Weapons
 C - a +1 dagger of venom (weapon)
Missiles
 b - 141 stones (quivered)
 q - 2 throwing nets
Armour
 e - a +1 buckler (worn)
Magical Staves
 F - an uncursed staff of energy
Jewellery
 a - a +3 ring of intelligence (left tentacle)
 n - a ring of positive energy (right tentacle)
 A - a ring of resist corrosion (on tentacle)
 E - a +2 ring of dexterity (on tentacle)
 J - an amulet of the gourmand (around mantle)
 M - an uncursed amulet of regeneration
Wands
 j - a wand of iceblast (11)
 o - a wand of clouds (8)
 r - a wand of acid (2)
 w - a wand of polymorph (16)
 y - a wand of scattershot (3)
 B - a wand of disintegration (28)
 K - a wand of digging (8)
 N - a wand of paralysis (31)
Scrolls
 i - 6 scrolls of enchant weapon
 k - 11 scrolls of teleportation
 l - 9 scrolls of remove curse
 p - 2 scrolls of fog
 s - 4 scrolls of amnesia
 v - a scroll of blinking
 D - 3 scrolls of identify
 H - a scroll of enchant armour
Potions
 d - a potion of invisibility
 f - 2 potions of might
 g - 3 potions of lignification
 h - 13 potions of curing
 m - 5 potions of agility
 t - 4 potions of haste
 u - 6 potions of resistance
 x - 7 potions of heal wounds
 z - 3 potions of ambrosia
 G - a potion of berserk rage
 L - a potion of cancellation
Miscellaneous
 I - 2 phantom mirrors
 O - a sack of spiders
Comestibles
 c - 27 rations


   Skills:
 - Level 10.1 Fighting
 - Level 8.0 Short Blades
 - Level 11.0 Dodging
 - Level 12.0 Stealth
 - Level 4.0 Shields
 + Level 6.3 Spellcasting
 - Level 9.0 Conjurations
 - Level 9.0 Transmutations
 - Level 9.0 Earth Magic
 + Level 2.0 Invocations


You had 11 spell levels left.
You knew the following spells:

 Your Spells              Type           Power        Failure   Level  Hunger
a - Sandblast             Erth           ######       1%          1    None
b - Passwall              Tmut/Erth      ######..     1%          2    None
c - Stone Arrow           Conj/Erth      ######       1%          3    None
d - Petrify               Tmut/Erth      ######..     3%          4    ###....
e - Lee's Rapid Deconstr  Erth           ######....   7%          5    #####..

Your spell library contained the following spells:

 Spells                   Type           Power        Failure   Level  Hunger
 Magic Dart               Conj           ####         1%          1    None
 Lightning Bolt           Conj/Air       #####.....   34%         5    #####..
 Iskenderun's Mystic Bla  Conj           ######..     3%          4    ###....
 Sting                    Conj/Pois      ####         2%          1    None
 Shock                    Conj/Air       ####         2%          1    None
 Swiftness                Chrm/Air       ##......     14%         2    None
 Airstrike                Air            ##........   63%         4    ###....
 Static Discharge         Conj/Air       #####...     5%          3    None
 Fulminant Prism          Conj/Hex       #####.....   14%         4    ###....
 Dazzling Spray           Conj/Hex       #####.       5%          3    None
 Force Lance              Conj/Tloc      #####...     14%         4    ###....
 Searing Ray              Conj           ######       1%          2    None


Dungeon Overview and Level Annotations

Branches:
Dungeon (11/15)            Temple (0/1) D:7            Lair (5/6) D:9
 Shoals (0/4) Lair:3       Spider (0/4) Lair:3
  Slime: Lair:5-6       Orc: D:9-12

Altars:
Ashenzari
Elyvilon
Okawaru
Qazlal
Ru
Sif Muna
Vehumet
The Shining One
Beogh

Shops:
D:4 [   D:5 *   D:6 [   D:10 *   D:11 [

Annotations:
D:4 3 runed doors, tamionv's ghost, amateur FoFi
D:10 1 runed door, petercordia's ghost, journeyman DrFE
Lair:1 exclusion: oklob plant
Lair:5 Nessos


Innate Abilities, Weirdness & Mutations

You cannot wear most types of armour.
You are very stealthy in the water. (Stealth+)
You are amphibious.
You can wear up to eight rings at the same time.
You can use your tentacles to constrict eight enemies at once.
Your skin changes colour to match your surroundings (Stealth+).
Your rubbery body absorbs attacks. (AC +1, EV +1)
Your system is resistant to poisons. (rPois)
Your spells are a little harder to cast, but a little more powerful.
You expend magic power (3 MP) to strengthen your wands.


Message History

You now have 19/24 mp.
Casting: Sandblast (safe; 1% risk of failure)
Confirm with . or Enter, or press ? or * to list all spells.
Aiming: Sandblast (safe; 1% risk of failure)
Press: ? - help, Shift-Dir - straight line, f/p - black mamba
Aim: a black mamba (heavily wounded)
The blast of sand hits the black mamba.
The black mamba is almost dead.
b - 141 stones The black mamba bites you!
You take 11 damage, and have 47/103 hp.
Nessos shoots an arrow.
The arrow hits you!!
* * * LOW HITPOINT WARNING * * *
The arrow burns you!
* * * LOW HITPOINT WARNING * * *
You see here an arrow.
You take 34 damage, and have 13/103 hp.
MASSIVE DAMAGE!!
As you read the scroll of teleportation, it crumbles to dust.
You feel strangely unstable. The black mamba bites you!
You die...

.........#..........#
...................##
.........YYY........#
...........Y........#
..........Y.........##
.............Y.......#
...............Yc(..###
...............YYS..#.#
................@..#.##
.....................#
...#....#...#.##...P##
....####.(###.##...##
...#.###########...#
..P...#.####.###...#
.......Y.Y.........#
...................#
.........P#.##.....##


You could see 5 death yaks, Nessos, a black mamba and 4 yaks.

Vanquished Creatures
  3 hydras
  A death yak (Lair:5)
  3 two-headed ogres
  Pikel (D:7)
  An oklob plant (Lair:1)
  4 elephants (Lair:5)
  Joseph (D:7)
  3 molten gargoyles
  8 black mambas
  2 merfolk sirens (Lair:3)
  A centaur skeleton (D:11)
  6 spiny frogs
  2 efreet (Volcano)
  6 komodo dragons
  A hornet (D:7)
  2 merfolk (Lair:3)
  8 blink frogs
  10 hippogriffs
  Sigmund (D:2)
  2 redbacks (Lair:3)
  Grum (Lair:1)
  5 fire elementals (Volcano)
  2 wyverns
  42 yaks
  3 hungry ghosts
  An acid dragon (D:9)
  14 water moccasins
  9 porcupines
  5 orc warriors
  4 ice beasts
  4 phantoms
  A sky beast (D:8)
  2 ogres
  8 wolves
  5 centaurs
  4 crocodiles
  An elf zombie (Ossuary)
  A big kobold (D:7)
  8 bullfrogs
  2 earth elementals (Volcano)
  A gnoll sergeant (D:7)
  3 scorpions
  5 killer bees (D:7)
  19 wights
  An electric eel (Lair:1)
  5 crimson imps
  5 howler monkeys
  2 quasits
  A human zombie (Ossuary)
  7 hounds
  7 orc priests
  A bullfrog skeleton (D:8)
  9 orc wizards
  6 iguanas
  5 worker ants
  Ijyb (D:5)
  A big kobold zombie (Ossuary)
  A hound zombie (Ossuary)
  A hound skeleton (D:5)
  4 mummies (Ossuary)
  A worker ant zombie (D:8)
  6 gnolls
  21 adders
  2 oozes
  An adder skeleton (D:8)
  An adder zombie (Ossuary)
  5 worms
  A dart slug (D:1)
  4 leopard geckos
  62 orcs
  2 ball pythons
  5 bats
  2 giant cockroaches
  7 goblins
  4 hobgoblins
  4 jackals (D:6)
  12 kobolds
  4 quokkas
  2 frilled lizards
  A gnoll zombie (Ossuary)
  2 goblin zombies
  A hobgoblin zombie (D:9)
  A jackal zombie (Ossuary)
  3 kobold skeletons (D:9)
  4 kobold zombies
  2 orc skeletons (D:9)
  2 orc zombies
  A quokka skeleton (D:4)
  4 rats
  A rat zombie (Ossuary)
  3 fire vortices (Volcano)
444 creatures vanquished.

Vanquished Creatures (others)
  A sky beast (D:7)
  3 slaves (D:7)
  A centaur (D:7)
  A killer bee (D:7)
  A worker ant (D:7)
  A gnoll (D:7)
  A shadow imp (D:7)
  2 orcs (D:7)
  A kobold (D:7)
  A butterfly (D:7)
  7 fungi
  3 plants
23 creatures vanquished.

Grand Total: 467 creatures vanquished

Notes
Turn   | Place    | Note
-------+----------+-------------------------------------------
     0 | D:1      | Banto the Octopode Earth Elementalist began the quest for the Orb.
     0 | D:1      | Reached XP level 1. HP: 11/11 MP: 3/3
   117 | D:1      | Reached skill level 3 in Stealth
   236 | D:1      | Reached XP level 2. HP: 7/17 MP: 5/5
   950 | D:2      | Reached XP level 3. HP: 21/21 MP: 6/6
   958 | D:2      | Learned a level 2 spell: Passwall
   962 | D:2      | Learned a level 3 spell: Stone Arrow
  1008 | D:2      | Reached skill level 4 in Stealth
  1145 | D:2      | Noticed Sigmund
  1186 | D:2      | Killed Sigmund
  1186 | D:2      | Reached skill level 5 in Stealth
  1186 | D:2      | Reached XP level 4. HP: 20/27 MP: 0/8
  1186 | D:2      | Reached XP level 5. HP: 23/31 MP: 0/9
  1283 | D:2      | Found an iron altar of Okawaru.
  1563 | D:2      | Reached XP level 6. HP: 32/36 MP: 10/10
  1581 | D:2      | Learned a level 4 spell: Petrify
  2430 | D:3      | Found a shattered altar of Ashenzari.
  2665 | D:4      | Found a runed gate.
  2804 | D:4      | Found Fiuru's Armour Boutique.
  2864 | D:4      | Found a runed gate.
  2865 | D:4      | Found a runed gate.
  2869 | D:4      | Noticed an orc warrior
  3198 | D:4      | Reached skill level 6 in Stealth
  3417 | D:4      | Found a roughly hewn altar of Beogh.
  3417 | D:4      | Noticed tamionv's ghost (amateur FoFi)
  3465 | D:5      | Entered Level 5 of the Dungeon
  3478 | D:5      | Found a sand-covered staircase.
  3514 | Ossuary  | Entered an ossuary
  3553 | Ossuary  | Reached XP level 7. HP: 21/41 MP: 2/11
  3581 | Ossuary  | Reached skill level 5 in Earth Magic
  4051 | D:5      | Found Omaun's Assorted Antiques.
  4063 | D:5      | Bought a white potion for 23 gold pieces
  4063 | D:5      | Bought a scroll of identify for 52 gold pieces
  4063 | D:5      | Bought 2 metallic blue potions for 46 gold pieces
  4063 | D:5      | Bought a scroll of teleportation for 78 gold pieces
  4114 | D:5      | Reached skill level 7 in Stealth
  4359 | D:5      | Reached XP level 8. HP: 46/46 MP: 9/12
  4739 | D:5      | Found a white marble altar of Elyvilon.
  4752 | D:5      | Found a radiant altar of Vehumet.
  4752 | D:5      | Noticed Ijyb
  4766 | D:5      | Killed Ijyb
  5451 | D:5      | Reached skill level 8 in Stealth
  5645 | D:6      | Reached skill level 5 in Transmutations
  6142 | D:6      | Found a sacrificial altar of Ru.
  6473 | D:6      | Found Qonor's Antique Armour Boutique.
  6692 | D:6      | Found a stormy altar of Qazlal.
  6750 | D:6      | Reached skill level 9 in Stealth
  6868 | D:7      | Noticed a hippogriff
  6878 | D:7      | Killed a hippogriff
  6878 | D:7      | Reached XP level 9. HP: 43/51 MP: 5/13
  7330 | D:7      | Reached skill level 10 in Stealth
  7385 | D:7      | Noticed Pikel
  7386 | D:7      | Noticed a hornet
  7402 | D:7      | Killed a hornet
  7497 | D:7      | Killed Pikel
  7636 | D:7      | Reached skill level 11 in Stealth
  8228 | D:7      | Noticed Joseph
  8242 | D:7      | Killed Joseph
  8242 | D:7      | Reached XP level 10. HP: 21/56 MP: 12/14
  8437 | D:7      | Found a staircase to the Ecumenical Temple.
  8646 | D:7      | Found a deep blue altar of Sif Muna.
  8651 | D:7      | Became a worshipper of Sif Muna the Loreminder
  8660 | D:7      | Identified Sif Muna's Volume of Intoxication
  9368 | D:8      | Noticed a two-headed ogre
  9390 | D:8      | Reached skill level 12 in Stealth
  9509 | D:8      | Killed a two-headed ogre
  9749 | D:8      | Reached * piety under Sif Muna
  9958 | D:8      | Learned a level 5 spell: Lee's Rapid Deconstruction
 10162 | D:8      | Noticed a two-headed ogre
 10183 | D:8      | Killed a two-headed ogre
 10183 | D:8      | Reached skill level 5 in Spellcasting
 10684 | D:9      | Reached skill level 1 in Shields
 10688 | D:9      | Found a glowing golden altar of the Shining One.
 10801 | D:9      | Reached skill level 1 in Fighting
 10846 | D:9      | Found a roughly hewn altar of Beogh.
 11262 | D:9      | Reached XP level 11. HP: 38/64 MP: 8/20
 12398 | D:9      | Reached ** piety under Sif Muna
 12424 | D:9      | Found a staircase to the Lair.
 12571 | D:10     | Entered Level 10 of the Dungeon
 12768 | D:10     | Noticed a two-headed ogre
 12831 | D:10     | Killed a two-headed ogre
 12831 | D:10     | Reached skill level 5 in Fighting
 13050 | D:10     | Reached skill level 1 in Short Blades
 13421 | D:10     | Found Uvves's General Store.
 13429 | D:10     | Bought a scroll of teleportation for 42 gold pieces
 13481 | D:10     | Noticed petercordia's ghost (journeyman DrFE)
 13482 | D:10     | Found a runed door.
 13678 | D:11     | Found Bokhirahe's Armour Shop.
 13786 | D:11     | Noticed a red ugly thing
 13858 | D:11     | Noticed a centaur warrior
 13962 | Lair:1   | Entered Level 1 of the Lair of Beasts
 14288 | Lair:1   | You fall through a shaft!
 14557 | Lair:1   | Reached skill level 5 in Short Blades
 14557 | Lair:1   | Reached XP level 12. HP: 36/81 MP: 1/21
 15352 | Lair:1   | Noticed Grum
 15991 | Lair:1   | Killed Grum
 17740 | Lair:3   | Noticed a four-headed hydra
 17741 | Lair:3   | Killed a four-headed hydra
 17877 | Lair:3   | Found a hole to the Spider Nest.
 18297 | Lair:3   | Noticed a five-headed hydra
 18334 | Lair:3   | Killed a five-headed hydra
 18334 | Lair:3   | Reached skill level 10 in Fighting
 18491 | Lair:3   | Reached skill level 1 in Conjurations
 18598 | Lair:3   | Reached XP level 13. HP: 70/92 MP: 1/22
 18771 | Lair:3   | Reached skill level 5 in Dodging
 19366 | Lair:3   | Reached *** piety under Sif Muna
 19505 | Lair:3   | Found a staircase to the Shoals.
 20915 | Lair:4   | Found a white marble altar of Elyvilon.
 21127 | Lair:4   | Reached XP level 14. HP: 99/99 MP: 23/23
 21128 | Lair:4   | Reached skill level 10 in Dodging
 21128 | Lair:4   | Reached XP level 15. HP: 103/103 MP: 24/24
 21129 | Lair:4   | Gained mutation: You expend magic power (3 MP) to strengthen your wands. [potion of mutation]
 21129 | Lair:4   | Gained mutation: Your system is resistant to poisons. (rPois) [potion of mutation]
 21129 | Lair:4   | Gained mutation: Your spells are a little harder to cast, but a little more powerful. [potion of mutation]
 21600 | Lair:5   | Found a dark tunnel.
 21699 | Volcano  | Entered a volcano
 22255 | Volcano  | HP: 5/103 [something (17)]
 22988 | Lair:5   | Reached **** piety under Sif Muna
 23155 | Lair:5   | Noticed Nessos
 23489 | Lair:5   | Reached skill level 1 in Invocations
 23906 | Lair:5   | Slain by a black mamba

Vault maps used:
D:1:      dpeg_arrival_orchard
D:2:      okawaru_altar_gauntlet_db, uniq_sigmund
D:3:      minivault_26, cheibrodos_ashenzari_chains
D:4:      first_ration, biasface_ghost_orc_armoury, serial_shops,
          kennysheep_little_box
D:5:      overflow_temple_1_default, nicolae_overflow_crystal_walls,
          nicolae_ossuary_entry_plus, serial_shops, shop, uniq_ijyb
D:6:      hangedman_ru_absence, serial_shops, nicolae_shop_behind_doors,
          nicolae_qazlal_general_emergency
D:7:      led_sif_book, minmay_temple_entry_butterflies, uniq_pikel, uniq_joseph
D:8:      grunt_ogre_cave, minmay_misc_feat_encased
D:9:      nicolae_tso_besieged_by_evil, erik_lair_dragon
D:10:     ebering_ghost_funeral_grove, serial_shops, shop, minmay_holes
D:11:     lemuel_flame_loot_2, orc_0_dummy, serial_shops, nicolae_shop_crystal,
          nicolae_shop_temple_entry_statues_fountains, shop,
          minmay_the_grid_2x2, uniq_fannar
Lair:1:   grunt_megastairs_4, minmay_lair_oklob_chamber, uniq_grum
Lair:2:   lab_entry_generic
Lair:3:   elwin_shoals_entry_stream, spider_nest_entry_webs, grunt_megastairs_3,
          serial_bayou_shore_b
Lair:4:   basic_altar, cheibrodos_lair_reptile_den, grunt_megastairs_5
Lair:5:   beast_lair_carwin_large_4, enter_volcano_1, uniq_nessos
Ossuary:  ossuary_minmay_tomb_2a
Volcano:  volcano_aerie

Skill      XL: |  1  2  3  4  5  6  7  8  9 10 11 12 13 14 15 |
---------------+----------------------------------------------+-----
Stealth        | 3 5 6 7 9 11 12 | 12.0
Transmutations | 2 3 4 6 7 9 |  9.0
Earth Magic    | 4 5 7 8 9 |  9.0
Spellcasting   | 3 6 |  6.3
Shields        | 1 4 |  4.0
Fighting       | 1 7 10 | 10.1
Short Blades   | 5 8 |  8.0
Dodging        | 4 9 10 11 | 11.0
Conjurations   | 2 4 7 9 |  9.0
Invocations    | 2 |  2.0

Action                   |  1- 3 |  4- 6 |  7- 9 | 10-12 | 13-15 || total
-------------------------+-------+-------+-------+-------+-------++-------
Melee: Whip              |    21 |       |       |       |       ||    21
       Tentacles         |     6 |    18 |    32 |    64 |    21 ||   141
       Mace              |    15 |    76 |   122 |       |       ||   213
       Constrict         |     5 |    27 |    45 |    62 |    13 ||   152
       Dagger            |       |       |    66 |   355 |   143 ||   564
Throw: Stone             |       |       |       |     1 |       ||     1
 Cast: Sandblast         |     7 |    26 |    37 |   100 |    77 ||   247
       Passwall          |     2 |       |     5 |    22 |     9 ||    38
       Petrify           |       |       |    31 |    55 |    42 ||   128
       Stone Arrow       |       |       |     3 |     8 |    11 ||    22
       Lee's Rapid Decon |       |       |       |    17 |     4 ||    21
Invok: Divine Energy     |       |       |       |     1 |       ||     1
Evoke: Wand              |       |       |       |     2 |     1 ||     3
  Use: Scroll            |       |     8 |     8 |     9 |     5 ||    30
       Potion            |       |       |       |       |     3 ||     3
 Stab: Sleeping          |    10 |     9 |    16 |    63 |    21 ||   119
       Petrified         |       |       |    52 |    51 |    26 ||   129
       Petrifying        |       |       |     3 |     6 |     3 ||    12
  Eat: Chunk             |     1 |     6 |    16 |    51 |    13 ||    87
       Ration            |       |       |     2 |     1 |       ||     3
Armor: Skin              |     3 |    10 |     4 |     5 |       ||    22
Dodge: Dodged            |    26 |    75 |   104 |   167 |   126 ||   498
Block: Buckler           |       |       |       |    54 |    47 ||   101

Table legend:
 A = Spawn XP
 B = Non-spawn XP
 C = Spawn XP percentage of total XP
 D = Spawn monster count
 E = Non-spawn monster count
 F = Spawn count percentage of total count
 G = Total turns spent on level
                    A         B        C        D         E        F      G
               +---------+---------+-------+---------+---------+-------+---------
         Total |       0 |   51348 |   0.0 |       0 |     442 |   0.0 | 23906
               +---------+---------+-------+---------+---------+-------+---------
           D:1 |       0 |      28 |   0.0 |       0 |      13 |   0.0 |   909
           D:2 |       0 |     340 |   0.0 |       0 |      27 |   0.0 |   967
           D:3 |       0 |      70 |   0.0 |       0 |      14 |   0.0 |   765
           D:4 |       0 |     122 |   0.0 |       0 |      10 |   0.0 |   824
           D:5 |       0 |     688 |   0.0 |       0 |      21 |   0.0 |  2037
           D:6 |       0 |     572 |   0.0 |       0 |      20 |   0.0 |   791
           D:7 |       0 |    2951 |   0.0 |       0 |      41 |   0.0 |  1984
           D:8 |       0 |    3605 |   0.0 |       0 |      42 |   0.0 |  2025
           D:9 |       0 |    3359 |   0.0 |       0 |      60 |   0.0 |  2239
          D:10 |       0 |    3433 |   0.0 |       0 |      31 |   0.0 |  1190
          D:11 |       0 |     696 |   0.0 |       0 |       6 |   0.0 |   125
        Lair:1 |       0 |    5993 |   0.0 |       0 |      28 |   0.0 |  1895
        Lair:2 |       0 |    3889 |   0.0 |       0 |      16 |   0.0 |  1292
        Lair:3 |       0 |   10454 |   0.0 |       0 |      41 |   0.0 |  2461
        Lair:4 |       0 |    1281 |   0.0 |       0 |      11 |   0.0 |  1419
        Lair:5 |       0 |   11093 |   0.0 |       0 |      34 |   0.0 |  1444
       Ossuary |       0 |     276 |   0.0 |       0 |      16 |   0.0 |   507
       Volcano |       0 |    2498 |   0.0 |       0 |      11 |   0.0 |  1032
               +---------+---------+-------+---------+---------+-------+---------

Table legend:
 A = Turns spent in this place as a percentage of turns spent in the entire game.
 B = Non-inter-level travel turns spent in this place as a percentage of non-inter-level travel turns spent in the entire game.
 C = Inter-level travel turns spent in this place as a percentage of turns spent in this place.
 D = Turns resting spent in this place as a percentage of non-inter-level travel turns spent in this place.
 E = Turns spent auto-exploring this place as a percentage of non-inter-level travel turns spent in this place.
 F = Non-inter-level travel turns spent in this place divided by the number of levels of this place that you've seen.
                   A       B       C       D       E      F
               +-------+-------+-------+-------+-------+----------------------
         Total | 100.0 | 100.0 |   3.5 |  39.9 |  34.5 | 1281.0
       Dungeon |  58.0 |  57.7 |   4.0 |  38.0 |  36.1 | 1209.7
          Lair |  35.6 |  35.6 |   3.5 |  38.2 |  38.4 | 1642.4
       Ossuary |   2.1 |   2.2 |   0.0 |  44.0 |   0.0 | 507.0
       Volcano |   4.3 |   4.5 |   0.0 |  76.2 |   0.0 | 1032.0
               +-------+-------+-------+-------+-------+----------------------

Table legend:
 A = Kills in this place as a percentage of kills in entire the game.
 B = Kills by you in this place as a percentage of kills by you in the entire game.
 C = Kills by friends in this place as a percentage of kills by friends in the entire game.
 D = Other kills in this place as a percentage of other kills in the entire game.
 E = Experience gained in this place as a percentage of experience gained in the entire game.
 F = Experience gained in this place divided by the number of levels of this place that you have seen.
                   A       B       C       D       E      F
               +-------+-------+-------+-------+-------+----------------------
         Total | 100.0 | 100.0 |   N/A | 100.0 | 100.0 | 2852.7
       Dungeon |  64.5 |  64.4 |   N/A | 100.0 |  30.9 | 1442.2
          Lair |  29.4 |  29.5 |   N/A |   0.0 |  63.7 | 6542.0
       Ossuary |   3.6 |   3.6 |   N/A |   0.0 |   0.5 | 276.0
       Volcano |   2.5 |   2.5 |   N/A |   0.0 |   4.9 | 2498.0
               +-------+-------+-------+-------+-------+----------------------
